 Dungeon Crawl Stone Soup version 0.22-a0-373-gab1296c (webtiles) character file.

1149 iamserjio the Quickloader (level 8, -7/45 HPs)
             Began as a Kobold Hunter on Apr 25, 2018.
             Mangled by RoseArtemis's ghost (12 damage)
             ... on level 5 of the Dungeon.
             The game lasted 00:19:18 (5446 turns).

iamserjio the Quickloader (Kobold Hunter)           Turns: 5446, Time: 00:19:19

Health: -7/45      AC:  5    Str: 11    XL:     8   Next: 65%
Magic:  8/8        EV: 18    Int: 13    God:
Gold:   13         SH:  0    Dex: 15    Spells: 7/7 levels left

rFire    . . .     SeeInvis .   a - +1 hand crossbow
rCold    + . .     Gourm    .   (shield restricted)
rNeg     + . .     Faith    .   p - +2 robe {rN+}
rPois    .         Spirit   .   r - +0 helmet
rElec    .         Reflect  .   (no cloak)
rCorr    .         Harm     .   (no gloves)
MR       .....                  (no boots)
Stlth    +++.......             (no amulet)
HPRegen  0.15/turn              j - ring of wizardry
MPRegen  0.11/turn              k - ring of protection from cold

@: no status effects
A: small, carnivore
a: no special abilities


You were on level 5 of the Dungeon.
You were very full.

You visited 1 branch of the dungeon, and saw 5 of its levels.

You collected 288 gold pieces.
You spent 275 gold pieces at shops.

Inventory:

Hand Weapons
 a - a +1 hand crossbow (weapon)
 e - a +2 short sword of electrocution
 g - a +2 dagger of venom
 A - the +4 mace of Conflict {venom, rC+ MR+ Dex+2}
   (You bought it in a shop on level 5 of the Dungeon)

   It poisons the flesh of those it strikes.
   It affects your dexterity (+2).
   It protects you from cold.
   It affects your resistance to hostile enchantments.
Missiles
 d - 17 bolts (quivered)
Armour
 p - a +2 robe of positive energy (worn)
 r - a +0 helmet (worn)
 z - a +0 ring mail
 C - a +0 pair of gloves
Jewellery
 j - a ring of wizardry (left hand)
 k - a ring of protection from cold (right hand)
 t - an uncursed ring of fire
 B - a cursed ring of teleportation {unknown}
Wands
 w - a wand of flame (31)
Scrolls
 i - a scroll of magic mapping
 l - a scroll of immolation {unknown}
 m - 2 scrolls of teleportation
 n - 2 scrolls of enchant armour {unknown}
 o - 4 scrolls of amnesia
 q - 2 scrolls of remove curse
 v - a scroll of enchant weapon
 x - a scroll of blinking {unknown}
 y - a scroll of noise {unknown}
 D - a scroll of random uselessness {unknown}
Potions
 b - a potion of brilliance {unknown}
 c - a potion of haste {unknown}
 h - a potion of flight
 s - a potion of lignification {unknown}
 u - a potion of curing {unknown}
Comestibles
 f - 7 rations


   Skills:
 + Level 2.4 Fighting
 * Level 9.2 Crossbows
 - Level 3.0 Armour
 + Level 5.9 Dodging
 * Level 5.4 Stealth


You had 7 spell levels left.
You didn't know any spells.

Dungeon Overview and Level Annotations

Branches:
Dungeon (5/15)
 Temple: D:4-7

Altars:
Hepliaklqana
Kikubaaqudgha
Sif Muna
Trog
Vehumet
Wu Jian
Xom
The Shining One

Shops:
D:5 =(*

Annotations:
D:4 p0werm0de's ghost, novice DDFi
D:5 RoseArtemis's ghost, novice MiFi


Innate Abilities, Weirdness & Mutations

You are small and have problems with some larger weapons.
You are carnivorous and can eat meat at any time.


Message History

Press: ? - help, Shift-Dir - straight line, f/p - RoseArtemis's ghost
Aim: RoseArtemis's ghost (moderately damaged)
You shoot a bolt. The bolt hits RoseArtemis's ghost!
RoseArtemis's ghost is moderately damaged.
RoseArtemis's ghost hits you!
Firing (i - inventory)
d - 19 bolts (quivered)
Press: ? - help, Shift-Dir - straight line, f/p - RoseArtemis's ghost
Aim: RoseArtemis's ghost (moderately damaged)
You shoot a bolt. The bolt hits RoseArtemis's ghost.
RoseArtemis's ghost is moderately damaged.
RoseArtemis's ghost closely misses you.
Firing (i - inventory)
d - 18 bolts (quivered)
Press: ? - help, Shift-Dir - straight line, f/p - RoseArtemis's ghost
Aim: RoseArtemis's ghost (moderately damaged)
You shoot a bolt.
The bolt barely misses RoseArtemis's ghost.
RoseArtemis's ghost hits you!!
* * * LOW HITPOINT WARNING * * *
RoseArtemis's ghost hits you!
You die...

#############
##.....#.....##
##......!......##
#...............#
#...............#
#......)........# #
#.......((%>....## #
#...@W.....(.....####
#....................
##.............#####.
##.....#..(..## ##
#######..#### # ##..#
### ##.# .... .....
.....


You could see RoseArtemis's ghost.

Vanquished Creatures
  Eustachio (D:4)
  Sigmund (D:3)
  2 phantoms
  An ogre (D:4)
  Blork the orc (D:4)
  A howler monkey (D:5)
  A crimson imp (D:5)
  3 orc priests
  A hound (D:4)
  2 orc wizards
  An iguana (D:4)
  2 worker ants (D:4)
  A hound zombie (D:5)
  Robin (D:3)
  A gnoll (D:1)
  3 adders
  An ooze (D:2)
  2 worms
  3 dart slugs
  3 leopard geckos
  21 orcs
  A ball python (D:1)
  8 bats
  6 giant cockroaches
  18 goblins
  7 hobgoblins
  A quokka (D:3)
  3 frilled lizards (D:1)
  6 kobolds
  A leopard gecko skeleton (D:4)
  10 rats
114 creatures vanquished.

Notes
Turn   | Place    | Note
-------+----------+-------------------------------------------
     0 | D:1      | iamserjio the Kobold Hunter began the quest for the Orb.
     0 | D:1      | Reached XP level 1. HP: 12/12 MP: 1/1
    46 | D:1      | Reached skill level 5 in Crossbows
   186 | D:1      | Reached XP level 2. HP: 17/17 MP: 2/2
   421 | D:1      | Reached XP level 3. HP: 21/21 MP: 3/3
   635 | D:1      | Reached skill level 1 in Armour
   866 | D:2      | Reached XP level 4. HP: 26/26 MP: 4/4
   974 | D:2      | Reached skill level 6 in Crossbows
  1408 | D:2      | Found a hazy altar of Hepliaklqana.
  1408 | D:2      | Found a bloodstained altar of Trog.
  1517 | D:3      | Reached XP level 5. HP: 30/30 MP: 5/5
  1572 | D:3      | Found an ancient bone altar of Kikubaaqudgha.
  1980 | D:3      | Noticed Sigmund
  1999 | D:3      | Noticed Robin
  2527 | D:3      | Killed Robin
  2579 | D:3      | Reached XP level 6. HP: 17/35 MP: 6/6
  2904 | D:3      | Killed Sigmund
  2904 | D:3      | Reached skill level 7 in Crossbows
  3337 | D:4      | Noticed Blork the orc
  3350 | D:4      | Killed Blork the orc
  3350 | D:4      | Reached XP level 7. HP: 29/40 MP: 7/7
  3567 | D:4      | Noticed p0werm0de's ghost (novice DDFi)
  3590 | D:4      | HP: 2/40 [p0werm0de's ghost (13)]
  3937 | D:4      | Found a radiant altar of Vehumet.
  3984 | D:4      | Reached skill level 8 in Crossbows
  4009 | D:4      | Noticed Eustachio
  4382 | D:4      | Killed Eustachio
  4382 | D:4      | Reached skill level 5 in Dodging
  4689 | D:4      | Reached XP level 8. HP: 36/44 MP: 8/8
  4743 | D:4      | Found a glowing golden altar of the Shining One.
  4745 | D:4      | Found an ornate altar of the Wu Jian Council.
  4747 | D:4      | Found a shimmering altar of Xom.
  4747 | D:4      | Found a deep blue altar of Sif Muna.
  4831 | D:5      | Entered Level 5 of the Dungeon
  5002 | D:5      | Reached skill level 9 in Crossbows
  5073 | D:5      | Found Nuubluedgh's Assorted Antiques.
  5097 | D:5      | Found Ladatucka's Jewellery Boutique.
  5126 | D:5      | Bought a scroll of teleportation for 75 gold pieces
  5183 | D:5      | Noticed RoseArtemis's ghost (novice MiFi)
  5206 | D:5      | Found Nicateij's Antique Weapon Boutique.
  5263 | D:5      | Bought a slimy mace for 200 gold pieces
  5263 | D:5      | Identified the +4 mace of Conflict {venom, rC+ MR+ Dex+2} (You bought it in a shop on level 5 of the Dungeon)
  5296 | D:5      | Reached skill level 5 in Stealth
  5446 | D:5      | Mangled by RoseArtemis's ghost

Vault maps used:
D:1:      onia_arrival_mini_maze_b
D:2:      amethyst_overflow_temple_binary
D:3:      kiku_gazebo_garden_becter, first_ration, serial_bayou_pond_d,
          minmay_crystal_room, uniq_sigmund, uniq_robin
D:4:      kennysheep_mini_moat, grunt_temple_overflow_open, uniq_blork_the_orc,
          uniq_eustachio
D:5:      serial_shops, shop_coins, nicolae_shop_stone,
          nicolae_shop_statue_plus, hangedman_decor_lopped, tgw_sif

Skill      XL: |  1  2  3  4  5  6  7  8 |
---------------+-------------------------+-----
Crossbows      | 5 6 7 8 9 |  9.2
Dodging        | 3 4 5 |  5.9
Armour         | 1 2 3 |  3.0
Stealth        | 3 5 |  5.4
Fighting       | |  2.4

Action                   |  1- 3 |  4- 6 |  7- 9 || total
-------------------------+-------+-------+-------++-------
Melee: Short sword       |       |     6 |    22 ||    28
 Fire: Hand crossbow     |    47 |   138 |   117 ||   302
Evoke: Wand              |       |       |     1 ||     1
  Use: Scroll            |       |     9 |     1 ||    10
       Potion            |       |     2 |     1 ||     3
 Stab: Sleeping          |       |       |     1 ||     1
  Eat: Chunk             |     5 |     8 |     8 ||    21
Armor: Leather armour    |     3 |     9 |       ||    12
       Robe              |       |       |    12 ||    12
Dodge: Dodged            |     4 |    51 |   103 ||   158

Table legend:
 A = Spawn XP
 B = Non-spawn XP
 C = Spawn XP percentage of total XP
 D = Spawn monster count
 E = Non-spawn monster count
 F = Spawn count percentage of total count
 G = Total turns spent on level
                    A         B        C        D         E        F      G
               +---------+---------+-------+---------+---------+-------+---------
         Total |       0 |    1642 |   0.0 |       0 |     114 |   0.0 |  5446
               +---------+---------+-------+---------+---------+-------+---------
           D:1 |       0 |      72 |   0.0 |       0 |      32 |   0.0 |   882
           D:2 |       0 |      56 |   0.0 |       0 |      14 |   0.0 |   608
           D:3 |       0 |     362 |   0.0 |       0 |      41 |   0.0 |  2408
           D:4 |       0 |     819 |   0.0 |       0 |      19 |   0.0 |  1066
           D:5 |       0 |     333 |   0.0 |       0 |       8 |   0.0 |   482
               +---------+---------+-------+---------+---------+-------+---------
